 Dungeon Crawl Stone Soup version 0.18-a0-1784-ga939a68 (webtiles) character file.

104 Tarnath the Shield-Bearer (level 4, -3/40 HPs)
             Began as a Deep Dwarf Fighter on Apr 18, 2016.
             Slain by a goblin
             ... wielding a +0 dagger
              (4 damage)
             ... on level 3 of the Dungeon.
             The game lasted 00:04:40 (1567 turns).

Tarnath the Shield-Bearer (Deep Dwarf Fighter)      Turns: 1567, Time: 00:04:42

Health: -3/40      AC: -13   Str: 20    XL:     4   Next: 52%
Magic:  6/6        EV:  7    Int:  8    God:
Gold:   127        SH:  9    Dex: 13    Spells: 0 memorised, 3 levels left

rFire  . . .     SeeInvis .     a - +0 flail
rCold  . . .     Gourm    +     b - +0 scale mail
rNeg   . . .     Faith    .     c - +0 shield
rPois  .         Spirit   .     (no helmet)
rElec  .         Dismiss  .     (no cloak)
rCorr  .         Reflect  .     (no gloves)
SustAt .         Harm     .     (no boots)
MR     .....                    i - amulet of the gourmand
Stlth  ..........               (no ring)
                                (no ring)

@: corroded, non-regenerating, not resistant to hostile enchantments, extremely
unstealthy
A: damage resistance, recharge devices, sense surroundings 1, slow regeneration
3
a: Device Recharging


You were on level 3 of the Dungeon.
You were completely stuffed.

You visited 1 branch of the dungeon, and saw 3 of its levels.

You collected 127 gold pieces.

Inventory:

Hand Weapons
 a - a +0 flail (weapon)
Armour
 b - a +0 scale mail (worn)
 c - a +0 shield (worn)
Jewellery
 i - an amulet of the gourmand (around neck)
Wands
 e - a wand of heal wounds (1/9)
Scrolls
 h - a scroll of blinking {unknown}
Potions
 d - 2 potions of might
 g - a potion of curing {unknown}
 m - a potion of degeneration {unknown}
Comestibles
 f - 4 bread rations
 j - a chunk of flesh
 k - 2 beef jerkies


   Skills:
 - Level 2.6 Fighting
 * Level 3.7 Maces & Flails
 - Level 3.2 Armour
 + Level 3.8 Shields
 + Level 3.0 Evocations


You had 3 spell levels left.
You didn't know any spells.

Dungeon Overview and Level Annotations

Branches:
Dungeon (3/15)

Altars:


Innate Abilities, Weirdness & Mutations

You are resistant to damage.
You can recharge devices by infusing magical energy.
You passively map a small area around you.
You do not regenerate naturally.


Message History

The jelly hits you.
You are splashed with acid!
The acid corrodes you!
The acid burns!
The goblin hits you with a dagger. You block the jelly's attack.
You closely miss the goblin.
The goblin is severely wounded.
You block the goblin's attack. The jelly barely misses you.
You hit the jelly but do no damage.
Your hands burn!
The jelly is lightly wounded.
The goblin completely misses you. The jelly hits you.
You are splashed with acid!
The acid burns!
* * * LOW HITPOINT WARNING * * *
You block the goblin's attack.
You hit the jelly but do no damage.
Your hands burn!
The jelly is lightly wounded.
The jelly hits you.
* * * LOW HITPOINT WARNING * * *
You are splashed with acid!
The acid corrodes you!
The acid burns!
* * * LOW HITPOINT WARNING * * *
The goblin hits you with a dagger.
You die...

, , , , , * ..#
, , , #..# ,,
#...### *
,*##......., *
**###...##... ,
, ###........#
** , ,
...###.........#
,
......g@J......#
..
.......#.......#
....?
........(.....>#
..... ,,
......##.......#
.....,..
.........).....#
...?...
............####
......,
.....##)#####
.....#,
,..###*#(#
.#?#.# #.###


You could see a jelly and a goblin.

Vanquished Creatures
  3 adders
  3 worms
  3 dart slugs
  2 giant geckos (D:1)
  6 orcs (D:3)
  11 bats
  2 giant cockroaches (D:1)
  4 goblins
  7 hobgoblins
  6 kobolds
  A giant newt (D:1)
  5 rats
53 creatures vanquished.

Notes
Turn   | Place    | Note
--------------------------------------------------------------
     0 | D:1      | Tarnath the Deep Dwarf Fighter began the quest for the Orb.
     0 | D:1      | Reached XP level 1. HP: 20/20 MP: 1/1
    55 | D:1      | Reached skill level 1 in Evocations
    61 | D:1      | Reached XP level 2. HP: 20/27 MP: 2/2
   641 | D:1      | Reached XP level 3. HP: 16/33 MP: 4/4
  1400 | D:3      | Reached XP level 4. HP: 24/40 MP: 4/6
  1567 | D:3      | HP: 1/40 [acid (6)]
  1567 | D:3      | Slain by a goblin

Vault maps used:
D:1:      lightli_arrival_maybe_door_vault
D:2:      first_bread
D:3:      minmay_misc_feat_nine_boxes

Skill      XL: |  1  2  3  4 |
---------------+-------------+-----
Evocations     | 1 2 3 |  3.0
Maces & Flails | 3 |  3.7
Fighting       | |  2.6
Armour         | |  3.2
Shields        | |  3.8

Action                   |  1- 3 |  4- 6 || total
-------------------------+-------+-------++-------
Melee: Flail             |   120 |    63 ||   183
Evoke: Wand              |     1 |     3 ||     4
  Use: Scroll            |     9 |       ||     9
  Eat: Chunk             |    13 |     2 ||    15
Armor: Scale mail        |    50 |    27 ||    77
Dodge: Dodged            |    49 |    29 ||    78
Block: Shield            |    59 |    39 ||    98
